 Dungeon Crawl Stone Soup version 0.28-a0-616-gdeb3d7f7b4 (webtiles) character file.

Game seed: 6226611813367788424

852 Conn the Sneak (level 8, 0/72 HPs)
             Began as an Octopode Fire Elementalist on Oct 6, 2021.
             Was an Initiate of Sif Muna.
             Slain by TimeIsEndless's ghost (12 damage)
             ... on level 6 of the Dungeon.
             The game lasted 00:17:09 (6016 turns).

Conn the Sneak (Octopode Fire Elementalist)         Turns: 6016, Time: 00:17:12

Health: 0/72       AC: 28    Str:  7      XL:     8   Next: 1%
Magic:  0/13       EV:  2    Int: 19      God:    Sif Muna [......]
Gold:   272        SH:  0    Dex: 12 (13) Spells: 1/14 levels left

rFire   . . .      SeeInvis .   k - +2 short sword (venom)
rCold   . . .      Faith    .   (no shield)
rNeg    . . .      Spirit   .   (helmet currently unavailable)
rPois   +          Reflect  .   b - amulet of regeneration
rElec   .          Harm     .   r - +4 ring of protection
rCorr   .          Rampage  .   (no ring)
Will    .....      NoTele   +   (no ring)
Stlth   +++.......              (no ring)
HPRegen 1.22/turn               (no ring)
MPRegen 0.13/turn               (no ring)
                                (no ring)
                                (no ring)

@: tree-form, very slightly contaminated
A: stationary, stasis, torment immunity, boosted hp, almost no armour,
(amphibious), 8 rings, (camouflage 1), (gelatinous body 1), (nimble swimmer 1),
(tentacles)
a: Renounce Religion


You were on level 6 of the Dungeon.
You worshipped Sif Muna.
Sif Muna was noncommittal.
You were a tree.
You visited 2 branches of the dungeon, and saw 7 of its levels.

You collected 272 gold pieces.

Inventory:

Hand Weapons
 a - a +0 dagger
 h - a +1 vorpal mace
 k - a +2 short sword of venom (weapon)
Armour
 i - a +2 hat (melded)
Magical Staves
 p - a staff of air
Jewellery
 b - an amulet of regeneration (around neck)
 r - a +4 ring of protection (left branch)
Wands
 f - a wand of acid (2)
 v - a wand of polymorph (6)
Scrolls
 c - a scroll of fog {unknown}
 d - 3 scrolls of teleportation
 l - a scroll of torment {unknown}
 m - a scroll of blinking {unknown}
 q - a scroll of noise {unknown}
 s - 2 scrolls of magic mapping {unknown}
 w - a scroll of vulnerability {unknown}
 x - a scroll of fear {unknown}
Potions
 e - a potion of cancellation
 g - 3 potions of flight
 j - a potion of might
 n - a potion of brilliance
 u - a potion of ambrosia {unknown}


   Skills:
 + Level 1.3 Fighting
 + Level 1.8 Short Blades
 + Level 1.4 Maces & Flails
 + Level 3.8 Dodging
 + Level 5.6 Stealth
 + Level 3.9 Spellcasting
 + Level 3.3 Conjurations
 + Level 0.6 Hexes
 + Level 4.7 Fire Magic


You had one spell level left.
You knew the following spells:

 Your Spells              Type           Power      Damage    Failure   Level
a - Foxfire               Conj/Fire      76%        2x1d7     2%          1
b - Conjure Flame         Conj/Fire      19%        6-21      8%          3
c - Inner Flame           Hex/Fire       14%        N/A       14%         3
d - Flame Wave            Conj/Fire      19%        3d5       26%         4
f - Scorch                Fire           42%        2d7       3%          2

Your spell library contained the following spells:

 Spells                   Type           Power      Damage    Failure   Level
 Static Discharge         Conj/Air       10%        N/A       11%         2
 Ensorcelled Hibernation  Hex/Ice        8%         N/A       19%         2
 Ozocubu's Armour         Ice            3%         N/A       38%         3
 Spider Form              Tmut/Pois      1%         N/A       38%         3
 Animate Dead             Necr           1%         N/A       80%         4
 Lightning Bolt           Conj/Air       5%         1d17      88%         5
 Haunt                    Necr/Summ      1%         N/A       100%        7
 Ozocubu's Refrigeration  Ice            1%         4d5       100%        7
 Infestation              Necr           1%         N/A       100%        8
 Maxwell's Capacitive Co  Air            1%         ∞         100%        8


Dungeon Overview and Level Annotations

Branches:
Dungeon (6/15)             Temple (1/1) D:6

Altars:
Dithmenos
Elyvilon
Gozag
Makhleb
Sif Muna
Vehumet

Annotations:
D:3 Heedrag's ghost, amateur DrCj
D:5 2 transporters, iamserjio's ghost, amateur OpCK
D:6 TimeIsEndless's ghost, novice OgGl


Innate Abilities, Weirdness & Mutations

You are a tree.
Your roots penetrate the ground, keeping you stationary.
You cannot be teleported.
You are immune to unholy pain and torment.
Your maximum health is greatly increased.
You cannot wear most types of armour.
((You are amphibious.))
You can wear up to eight rings at the same time.
((Your skin changes colour to match your surroundings (Stealth+).))
((Your rubbery body absorbs attacks. (AC +1, EV +1)))
((You are camouflaged near water. (Stealth+)))
((You have tentacles for arms and can constrict up to eight enemies at once.))


Message History

* * * LOW HITPOINT WARNING * * *
The ball python constricts you.
Unknown command.
Casting: Flame Wave (dangerous; 26% risk of failure)
Confirm with . or Enter, or press ? or * to list all spells.
Okay, then.
You feel much better. TimeIsEndless's ghost hits you!!
* * * LOW HITPOINT WARNING * * *
The ball python bites you but does no damage.
The ball python constricts you.
Casting: Flame Wave (dangerous; 26% risk of failure)
Confirm with . or Enter, or press ? or * to list all spells.
Casting: Flame Wave (dangerous; 26% risk of failure)
Press: ? - help, Dir - look around, f - activate A wave of flame ripples out!
The flame wave engulfs TimeIsEndless's ghost!
TimeIsEndless's ghost is severely damaged.
The flame wave engulfs the ball python!
You kill the ball python!
Sif Muna accepts your kill. (Press . to intensify the flame waves.) TimeIsEndless's ghost laughs, "And you think you're capable of finding the ORB?
I had it, you know.
Then I gave it away so I could steal it AGAIN."
TimeIsEndless's ghost hits you but does no damage.
Without enough magic to sustain them, the waves of flame dissipate.
TimeIsEndless's ghost says, "Are you willing to die fighting?
I was!"
TimeIsEndless's ghost hits you!
* * * LOW HITPOINT WARNING * * *
Okay, then.
Okay, then.
Unknown command.
Okay, then.
Unknown command.
Aiming: Corrosive Bolt
Press: ? - help, Shift-Dir - straight line, f - TimeIsEndless's ghost
Aim: TimeIsEndless's ghost (severely damaged, 71% to hit)
The bolt of acid hits TimeIsEndless's ghost!
The acid corrodes TimeIsEndless's ghost!
TimeIsEndless's ghost is severely damaged.
TimeIsEndless's ghost hits you!
You die...

##.##$####
#.#### #.##.#
#....# #.##.#
#..#.# ##.##.#
##...#
####...#.#
##.##
.........# #.#
####.<.### #.#
........#
############.#
#####.#.#
#....W♣......#
# #.#.#
#.############
#####.#.# #.#
......#.# #.#
#######.# #.# #
#.### #...#
#############.#
.#≈≈≈≈≈≈≈≈≈#..#


You could see TimeIsEndless's ghost (corroded).

Vanquished Creatures
  A centaur (D:6)
  2 bullfrogs (D:6)
  A scorpion (D:5)
  A centaur zombie (D:5)
  Crazy Yiuf (D:4)
  4 orc priests
  Jessica (D:2)
  3 orc wizards
  Terence (D:2)
  A hound skeleton (D:4)
  Robin (D:2)
  9 adders
  2 river rats (D:6)
  A gnoll (D:1)
  An ufetubus (D:5)
  An adder zombie (D:5)
  An adder skeleton (D:4)
  2 worms
  3 dart slugs
  21 orcs
  8 endoplasms
  6 giant cockroaches
  12 goblins
  5 hobgoblins
  A jackal (D:2)
  5 quokkas
  11 ball pythons
  7 bats
  5 frilled lizards
  4 kobolds
  14 rats
136 creatures vanquished.

Vanquished Creatures (others)
  340 foxfires
340 creatures vanquished.

Grand Total: 476 creatures vanquished

Notes
Turn   | Place    | Note
-------+----------+-------------------------------------------
     0 | D:1      | Conn the Octopode Fire Elementalist began the quest for the
                  | Orb.
     0 | D:1      | Reached XP level 1. HP: 11/11 MP: 3/3
    25 | D:1      | Reached XP level 2. HP: 8/17 MP: 0/5
   320 | D:1      | Reached skill level 3 in Stealth
   557 | D:1      | Reached XP level 3. HP: 21/21 MP: 4/6
  1296 | D:2      | Reached XP level 4. HP: 27/27 MP: 3/7
  1401 | D:2      | Noticed Jessica
  1406 | D:2      | Killed Jessica
  1470 | D:2      | Noticed Terence
  1481 | D:2      | Killed Terence
  1611 | D:2      | Reached XP level 5. HP: 31/31 MP: 9/9
  1667 | D:2      | Noticed Robin
  1680 | D:2      | Killed Robin
  2591 | D:2      | Learned a level 3 spell: Conjure Flame
  2595 | D:2      | Learned a level 3 spell: Inner Flame
  2598 | D:2      | Learned a level 2 spell: Scorch
  2695 | D:3      | Reached skill level 4 in Stealth
  2888 | D:3      | Reached XP level 6. HP: 36/36 MP: 5/10
  3121 | D:3      | Found a radiant altar of Vehumet.
  3121 | D:3      | Found a white marble altar of Elyvilon.
  3462 | D:3      | Found a runed translucent door.
  3464 | D:3      | Noticed Heedrag's ghost (amateur DrCj)
  3471 | D:3      | Reached skill level 1 in Fighting
  4503 | D:4      | Found a runed translucent door.
  4505 | D:4      | Noticed Crazy Yiuf
  4759 | D:4      | Killed Crazy Yiuf
  4760 | D:4      | Reached XP level 7. HP: 43/43 MP: 2/12
  4897 | D:5      | Entered Level 5 of the Dungeon
  5007 | D:5      | Found a transporter.
  5009 | D:5      | Noticed iamserjio's ghost (amateur OpCK)
  5029 | D:5      | Reached skill level 1 in Maces & Flails
  5069 | D:5      | Found a transporter.
  5185 | D:5      | Reached skill level 5 in Stealth
  5626 | D:6      | Found a runed translucent door.
  5627 | D:6      | Noticed TimeIsEndless's ghost (novice OgGl)
  5634 | D:6      | Reached skill level 1 in Short Blades
  5721 | D:5      | Learned a level 4 spell: Flame Wave
  5800 | D:6      | Found a runed translucent door.
  5862 | D:6      | Found a staircase to the Ecumenical Temple.
  5867 | Temple   | Entered the Ecumenical Temple
  5880 | Temple   | Became a worshipper of Sif Muna the Loreminder
  5913 | D:6      | Reached XP level 8. HP: 39/48 MP: 13/13
  6016 | D:6      | Slain by TimeIsEndless's ghost

Illustrated notes

Levels and vault maps discovered:
D:1:      shiori_arrival_maze, layout_basic
D:2:      minmay_thinvault, layout_basic, chequers_serial_rivers_room_b,
          grunt_decor_junction, st_stairs_9, minmay_pentomino_r2, uniq_robin,
          uniq_jessica, uniq_terence
D:3:      layout_basic, gammafunk_temple_overflow_elements,
          ebering_ghost_sewer_d
D:4:      layout_loops_corners, moated_statue, uniq_crazy_yiuf_cottage
D:5:      layout_loops_cross, gammafunk_ghost_stat_death
D:6:      layout_loops_ring, minmay_temple_entry_ruins, ebering_ghost_sewer_f,
          hangedman_decor_points
Temple:   regret_index_temple_sphere_string

Skill      XL: |  1  2  3  4  5  6  7 |
---------------+----------------------+-----
Stealth        | 3 4 5 |  5.6
Fire Magic     | 4 |  4.7
Conjurations   | 2 3 |  3.3
Spellcasting   | 3 |  3.9
Fighting       | 1 |  1.3
Dodging        | 3 |  3.8
Maces & Flails | 1 |  1.4
Short Blades   | 1 |  1.8
Hexes          | |  0.6

Action                   |  1- 3 |  4- 6 |  7- 9 || total
-------------------------+-------+-------+-------++-------
Melee: Unarmed           |     2 |       |       ||     2
       Constrict         |     3 |    19 |     9 ||    31
       Tentacles         |     1 |    15 |    11 ||    27
       Dagger            |    12 |    41 |       ||    53
       Mace              |       |    25 |       ||    25
       Short sword       |       |     1 |    42 ||    43
 Cast: Foxfire           |    41 |   130 |    26 ||   197
       Inner Flame       |       |     2 |     3 ||     5
       Conjure Flame     |       |     2 |       ||     2
       Scorch            |       |     1 |       ||     1
       Flame Wave        |       |       |     1 ||     1
Evoke: Wand              |       |     1 |     1 ||     2
  Use: Scroll            |       |     6 |       ||     6
       Potion            |       |     3 |     2 ||     5
 Stab: Sleeping          |     6 |     8 |     4 ||    18
       Distracted        |       |     1 |       ||     1
Armor: Skin              |       |    14 |    40 ||    54
Dodge: Dodged            |     9 |    49 |    44 ||   102

Table legend: (Time is in decaauts)
 A = Elapsed time spent in this place.
 B = Non-inter-level travel time spent in this place.
 C = Inter-level travel time spent in this place.
 D = Time resting spent in this place.
 E = Time spent auto-exploring this place.
 F = Levels seen in this place.
 G = Mean time per level.
                   A        B        C        D        E       F      G
               +--------+--------+--------+--------+--------+-----+--------+
         Total |   6026 |   5866 |    160 |    335 |   4035 |   7 |  860.9 |
       Dungeon |   5999 |   5852 |    147 |    335 |   4033 |   6 |  999.8 |
        Temple |     26 |     13 |     13 |      0 |      2 |   1 |   26.0 |
               +--------+--------+--------+--------+--------+-----+--------+

Top non-repeatable levels by time:
     D:2: 1694 daAuts
     D:4: 1175 daAuts
     D:3: 1109 daAuts
     D:1: 924 daAuts
     D:5: 778 daAuts
     D:6: 316 daAuts
  Temple: 26 daAuts
